General information
- name: BNet
- type: Ladder team game (AT/RT)
- host: Battle.net
- saver: Lovemancer
map: MarketSquare
- players: 8
- length: 70:19
- speed: Fast
- version: 1.26 W3XP
- replay type: Public
» download(362 KB)
Players
team 1 (winner)
j789nh (
orange | 84 APM | 5587 actions | 66:42)
7 Goblin Tinker
3 Pocket Factory
3 Engineering Upgrade
1 Robo-Goblin
5 Paladin
2 Holy Light
2 Divine Shield
1 Devotion Aura
5 Mountain King
3 Storm Bolt
2 Thunder Clap
» actions
| Assign group hotkey | 39 | |
| Basic commands | 154 | |
| Build / train | 179 | |
| Enter build submenu | 42 | |
| Enter hero's abilities submenu | 19 | |
| Give item / drop item | 2 | |
| Remove unit from queue | 14 | |
| Right click | 1028 | |
| Select / deselect | 561 | |
| Select group hotkey | 3394 | |
| Use ability | 155 | |
5587 total
» units
| Peasant | 41 | |
| Priest | 7 | |
| Gryphon Rider | 25 | |
| Siege Engine | 15 | |
88 total
» upgrades
| Masonry | 1 | |
| Lumber Harvesting | 1 | |
| Priest Training | 2 | |
| Armor | 3 | |
| Swords | 3 | |
| Storm Hammers | 1 | |
| Animal War Training | 1 | |
| Magic Sentry | 1 | |
| Gunpowder | 3 | |
| Plating | 2 | |
| Barrage | 1 | |
19 total
» buildings
| Farm | 24 | |
| Altar of Kings | 2 | |
| Lumber Mill | 5 | |
| Scout Tower | 11 | |
| Arcane Tower | 4 | |
| Guard Tower | 5 | |
| Town Hall | 8 | |
| Blacksmith | 1 | |
| Keep | 2 | |
| Arcane Vault | 2 | |
| Castle | 3 | |
| Gryphon Aviary | 2 | |
| Arcane Sanctum | 1 | |
| Barracks | 1 | |
| Workshop | 4 | |
75 total
» build order
00:34 Farm
00:36 Farm
00:48 Altar of Kings
01:03 Lumber Mill
01:12 Farm
01:20 Scout Tower
01:21 Scout Tower
02:17 Arcane Tower
02:33 Guard Tower
02:38 Scout Tower
02:39 Scout Tower
02:44 Scout Tower
03:07 Guard Tower
03:07 Guard Tower
03:31 Arcane Tower
04:04 Guard Tower
04:08 Farm
05:12 Town Hall
05:17 Blacksmith
05:22 Lumber Mill
05:28 Lumber Mill
05:33 Scout Tower
05:33 Scout Tower
05:34 Scout Tower
05:35 Scout Tower
05:36 Scout Tower
05:37 Scout Tower
06:00 Keep
06:05 Guard Tower
06:42 Arcane Tower
06:46 Arcane Vault
07:17 Arcane Tower
07:33 Farm
07:34 Farm
08:37 Castle
08:43 Gryphon Aviary
08:46 Gryphon Aviary
08:49 Arcane Sanctum
08:56 Lumber Mill
10:06 Barracks
10:16 Farm
10:17 Farm
10:18 Farm
10:20 Farm
10:20 Farm
10:21 Farm
10:21 Farm
15:57 Arcane Vault
22:26 Town Hall
24:24 Altar of Kings
24:27 Farm
24:27 Farm
24:28 Farm
24:29 Farm
24:30 Farm
24:30 Farm
25:12 Workshop
25:13 Workshop
26:20 Town Hall
27:48 Lumber Mill
29:34 Farm
29:34 Farm
29:35 Farm
31:26 Town Hall
32:26 Town Hall
36:16 Town Hall
42:35 Town Hall
45:38 Keep
48:03 Castle
48:03 Castle
52:18 Town Hall
54:08 Workshop
54:43 Workshop
56:44 Farm
57:14 Farm
» items
| Boots of Speed | 3 | |
| Scroll of Town Portal | 9 | |
| Scroll of Healing | 1 | |
| Orb of Venom | 1 | |
| Orb of Lightning | 2 | |
16 total
Lovemancer (
yellow | 41 APM | 2904 actions | 70:19)
7 Blademaster
3 Wind Walk
3 Critical Strike
1 Bladestorm
» actions
| Assign group hotkey | 28 | |
| Basic commands | 142 | |
| Build / train | 73 | |
| Enter build submenu | 138 | |
| Enter hero's abilities submenu | 7 | |
| Give item / drop item | 8 | |
| Remove unit from queue | 2 | |
| Right click | 1344 | |
| Select / deselect | 554 | |
| Select group hotkey | 358 | |
| Use ability | 249 | |
2904 total
» units
| Peon | 25 | |
| Grunt | 4 | |
| Troll Batrider | 3 | |
| Wind Rider | 4 | |
36 total
» upgrades
| Reinforced Defenses | 1 | |
| Ranged Weapons | 3 | |
| Armor | 3 | |
| Spiked Barricades | 3 | |
| Troll Regeneration | 1 | |
| Pillage | 1 | |
| Envenomed Spears | 1 | |
| Liquid Fire | 1 | |
| Ensnare | 1 | |
15 total
» buildings
| Orc Burrow | 6 | |
| Altar of Storms | 1 | |
| Barracks | 1 | |
| Voodoo Lounge | 4 | |
| Stronghold | 1 | |
| Great Hall | 5 | |
| War Mill | 6 | |
| Watch Tower | 125 | |
| Fortress | 1 | |
| Beastiary | 4 | |
154 total
» build order
00:12 Orc Burrow
00:38 Orc Burrow
01:11 Altar of Storms
01:13 Barracks
02:47 Voodoo Lounge
03:01 Stronghold
05:25 Great Hall
05:30 Orc Burrow
05:31 War Mill
06:41 War Mill
07:27 Watch Tower
07:28 Watch Tower
07:29 Watch Tower
07:30 Watch Tower
09:03 Fortress
11:18 Watch Tower
11:19 Watch Tower
11:22 Watch Tower
11:23 Watch Tower
11:56 Watch Tower
11:57 Watch Tower
11:57 Watch Tower
11:58 Watch Tower
13:55 Watch Tower
13:56 Watch Tower
13:57 Watch Tower
13:58 Watch Tower
14:00 Watch Tower
14:01 Watch Tower
14:09 Watch Tower
14:10 Watch Tower
14:11 Watch Tower
15:48 Beastiary
15:49 Beastiary
15:50 Beastiary
15:54 Beastiary
17:47 Great Hall
17:50 Watch Tower
17:50 Watch Tower
18:14 Watch Tower
18:16 Watch Tower
18:17 Watch Tower
18:20 Voodoo Lounge
18:30 Watch Tower
18:34 Watch Tower
18:40 Watch Tower
18:40 Watch Tower
18:43 Watch Tower
18:43 Watch Tower
18:51 Watch Tower
18:52 Watch Tower
18:55 Watch Tower
18:56 Watch Tower
18:56 Watch Tower
19:01 Watch Tower
19:02 Watch Tower
19:03 Watch Tower
19:04 Watch Tower
19:07 Watch Tower
19:08 Watch Tower
19:09 Watch Tower
19:09 Watch Tower
19:12 Watch Tower
19:20 Watch Tower
20:15 Watch Tower
24:19 Watch Tower
24:24 Watch Tower
24:24 Watch Tower
25:04 Watch Tower
25:05 Watch Tower
25:07 Watch Tower
25:12 Watch Tower
25:55 Watch Tower
26:17 Watch Tower
26:21 Watch Tower
26:42 Watch Tower
26:45 Watch Tower
26:49 Watch Tower
31:37 Watch Tower
31:38 Watch Tower
31:38 Watch Tower
31:39 Watch Tower
31:40 Watch Tower
32:05 Watch Tower
32:06 Watch Tower
32:06 Watch Tower
32:09 Watch Tower
32:10 Watch Tower
33:10 Watch Tower
33:12 Watch Tower
33:14 Watch Tower
34:09 Watch Tower
34:09 Watch Tower
34:10 Watch Tower
34:11 Watch Tower
34:13 Watch Tower
34:18 Watch Tower
34:55 Watch Tower
34:57 Great Hall
35:00 Watch Tower
35:02 Watch Tower
35:04 Watch Tower
36:20 Watch Tower
36:23 Watch Tower
36:25 Watch Tower
36:25 Watch Tower
36:27 Watch Tower
36:28 Watch Tower
36:29 Watch Tower
36:33 Watch Tower
36:33 Watch Tower
36:42 Watch Tower
36:42 Watch Tower
36:42 Watch Tower
36:59 War Mill
37:01 War Mill
37:37 Watch Tower
37:37 Watch Tower
37:37 Watch Tower
37:40 Watch Tower
38:00 Watch Tower
38:06 Voodoo Lounge
38:16 Watch Tower
38:18 Watch Tower
38:23 Watch Tower
39:36 Watch Tower
39:37 Watch Tower
39:38 Watch Tower
39:39 Watch Tower
39:42 Watch Tower
39:44 Watch Tower
39:44 Watch Tower
48:05 Great Hall
48:17 Great Hall
48:25 Watch Tower
48:25 Watch Tower
48:26 Watch Tower
48:26 Watch Tower
48:28 Watch Tower
48:28 Watch Tower
48:29 Watch Tower
48:29 Watch Tower
48:32 Watch Tower
48:32 Watch Tower
48:33 Watch Tower
48:37 Voodoo Lounge
63:17 Orc Burrow
63:20 Orc Burrow
63:22 Orc Burrow
69:04 War Mill
70:03 War Mill
» items
| Healing Salve | 1 | |
| Staff of Teleportation | 2 | |
| Periapt of Vitality | 1 | |
| Scroll of Town Portal | 4 | |
| Orb of Lightning | 1 | |
| Potion of Invisibility | 1 | |
10 total
dontkillme_BRO (
green | 68 APM | 2795 actions | 41:05)
6 Demon Hunter
1 Immolation
3 Mana Burn
1 Evasion
1 Metamorphosis
5 Keeper of the Grove
3 Entangling Roots
1 Force of Nature
1 Thorns Aura
» actions
| Assign group hotkey | 65 | |
| Basic commands | 13 | |
| Build / train | 146 | |
| Enter build submenu | 36 | |
| Enter hero's abilities submenu | 11 | |
| Give item / drop item | 5 | |
| Right click | 933 | |
| Select / deselect | 500 | |
| Select group hotkey | 928 | |
| Use ability | 158 | |
2795 total
» units
| Wisp | 44 | |
| Archer | 26 | |
| Hippogryph | 28 | |
98 total
» upgrades
| Strength of the Moon | 3 | |
| Moon Armor | 3 | |
| Hippogryph Taming | 1 | |
| Improved Bows | 1 | |
| Strength of the Wild | 3 | |
| Reinforced Hides | 3 | |
| Marksmanship | 1 | |
| Nature's Blessing | 1 | |
| Well Spring | 1 | |
| Druid of the Talon Training | 1 | |
18 total
» buildings
| Altar of Elders | 1 | |
| Moon Well | 9 | |
| Ancient of War | 2 | |
| Ancient of Wonders | 1 | |
| Tree of Life | 1 | |
| Tree of Ages | 3 | |
| Hunter's Hall | 1 | |
| Ancient of Wind | 2 | |
| Ancient Protector | 18 | |
| Tree of Eternity | 1 | |
39 total
» build order
00:09 Altar of Elders
00:21 Moon Well
01:20 Ancient of War
01:31 Moon Well
01:50 Ancient of War
02:27 Moon Well
03:24 Ancient of Wonders
04:46 Tree of Life
04:53 Tree of Ages
04:53 Tree of Ages
04:53 Tree of Ages
05:20 Moon Well
05:32 Hunter's Hall
06:21 Moon Well
07:23 Ancient of Wind
08:31 Ancient of Wind
08:54 Moon Well
09:41 Ancient Protector
09:44 Ancient Protector
09:47 Ancient Protector
09:54 Moon Well
10:03 Ancient Protector
10:56 Moon Well
11:54 Moon Well
12:24 Tree of Eternity
13:34 Ancient Protector
13:40 Ancient Protector
14:07 Ancient Protector
17:10 Ancient Protector
21:20 Ancient Protector
21:28 Ancient Protector
22:15 Ancient Protector
22:21 Ancient Protector
22:28 Ancient Protector
24:13 Ancient Protector
25:36 Ancient Protector
25:41 Ancient Protector
28:02 Ancient Protector
28:06 Ancient Protector
» items
| Scroll of Town Portal | 6 | |
| Potion of Healing | 2 | |
| Orb of Fire | 1 | |
9 total
dominicdeasey (
pink | 23 APM | 1215 actions | 51:48)
6 Warden
3 Fan of Knives
3 Blink
» actions
| Assign group hotkey | 13 | |
| Basic commands | 19 | |
| Build / train | 71 | |
| ESC pressed | 6 | |
| Enter build submenu | 29 | |
| Enter hero's abilities submenu | 7 | |
| Give item / drop item | 3 | |
| Remove unit from queue | 3 | |
| Right click | 339 | |
| Select / deselect | 274 | |
| Select group hotkey | 254 | |
| Use ability | 197 | |
1215 total
» units
| Wisp | 32 | |
| Archer | 4 | |
| Dryad | 3 | |
| Druid of the Claw | 2 | |
41 total
» upgrades
| Reinforced Hides | 3 | |
| Abolish Magic | 1 | |
| Strength of the Wild | 3 | |
| Druid of the Claw Training | 1 | |
8 total
» buildings
| Altar of Elders | 2 | |
| Moon Well | 9 | |
| Ancient of War | 1 | |
| Tree of Ages | 1 | |
| Hunter's Hall | 1 | |
| Ancient of Lore | 2 | |
| Tree of Life | 3 | |
| Ancient Protector | 2 | |
| Ancient of Wind | 2 | |
| Tree of Eternity | 1 | |
| Ancient of Wonders | 1 | |
| Chimaera Roost | 1 | |
26 total
» build order
00:37 Altar of Elders
00:55 Moon Well
01:05 Ancient of War
02:07 Moon Well
02:54 Tree of Ages
03:02 Moon Well
03:28 Hunter's Hall
04:31 Moon Well
05:17 Ancient of Lore
05:18 Ancient of Lore
05:43 Moon Well
07:28 Moon Well
10:28 Tree of Life
11:00 Moon Well
13:03 Ancient Protector
13:05 Ancient Protector
13:08 Ancient of Wind
13:10 Ancient of Wind
13:16 Tree of Eternity
13:44 Ancient of Wonders
15:52 Chimaera Roost
22:05 Altar of Elders
22:36 Tree of Life
22:49 Tree of Life
31:25 Moon Well
36:12 Moon Well
» items
| Staff of Teleportation | 1 | |
| Boots of Speed | 1 | |
| Scroll of Town Portal | 4 | |
| Orb of Venom | 1 | |
| Tiny Great Hall | 1 | |
| Orb of Lightning | 1 | |
9 total
team 2 (loser)

»
fatguyslim (
red | 28 APM | 1694 actions | 59:40)
6 Paladin
1 Holy Light
2 Divine Shield
2 Devotion Aura
1 Resurrection
» actions
| Assign group hotkey | 70 | |
| Basic commands | 2 | |
| Build / train | 57 | |
| Enter build submenu | 31 | |
| Enter hero's abilities submenu | 6 | |
| Right click | 702 | |
| Select / deselect | 224 | |
| Select group hotkey | 526 | |
| Use ability | 75 | |
1694 total
» units
| Peasant | 11 | |
| Footman | 10 | |
| Knight | 6 | |
| Siege Engine | 4 | |
31 total
» upgrades
| Defend | 1 | |
| Plating | 3 | |
| Swords | 3 | |
| Lumber Harvesting | 2 | |
| Animal War Training | 1 | |
| Gunpowder | 3 | |
| Barrage | 1 | |
14 total
» buildings
| Farm | 15 | |
| Scout Tower | 2 | |
| Barracks | 2 | |
| Altar of Kings | 1 | |
| Arcane Tower | 1 | |
| Lumber Mill | 3 | |
| Blacksmith | 1 | |
| Arcane Vault | 1 | |
| Keep | 1 | |
| Castle | 1 | |
| Guard Tower | 1 | |
| Workshop | 2 | |
31 total
» build order
00:23 Farm
00:29 Scout Tower
00:35 Barracks
00:47 Barracks
01:05 Farm
01:49 Altar of Kings
02:10 Arcane Tower
02:26 Lumber Mill
02:47 Farm
03:30 Blacksmith
03:37 Farm
04:32 Arcane Vault
05:06 Keep
05:19 Farm
06:09 Farm
07:07 Farm
08:01 Farm
08:36 Castle
09:38 Farm
10:19 Scout Tower
10:47 Guard Tower
10:50 Farm
12:10 Farm
13:04 Farm
13:45 Farm
14:36 Farm
15:19 Farm
16:02 Workshop
17:13 Workshop
17:47 Lumber Mill
18:04 Lumber Mill
» items
CAn- (
blue | 19 APM | 1145 actions | 60:59)
4 Paladin
1 Holy Light
2 Devotion Aura
1 Divine Shield
3 Mountain King
1 Storm Bolt
2 Thunder Clap
» actions
| Assign group hotkey | 9 | |
| Basic commands | 80 | |
| Build / train | 77 | |
| Enter build submenu | 31 | |
| Enter hero's abilities submenu | 7 | |
| Give item / drop item | 2 | |
| Remove unit from queue | 1 | |
| Right click | 335 | |
| Select / deselect | 323 | |
| Select group hotkey | 225 | |
| Use ability | 55 | |
1145 total
» units
| Peasant | 25 | |
| Footman | 8 | |
| Knight | 6 | |
| Mortar Team | 1 | |
| Siege Engine | 4 | |
44 total
» upgrades
| Masonry | 2 | |
| Swords | 2 | |
| Plating | 2 | |
| Lumber Harvesting | 1 | |
| Gunpowder | 2 | |
| Armor | 1 | |
| Barrage | 1 | |
11 total
» buildings
| Barracks | 2 | |
| Farm | 10 | |
| Altar of Kings | 1 | |
| Lumber Mill | 1 | |
| Scout Tower | 7 | |
| Guard Tower | 3 | |
| Keep | 1 | |
| Arcane Vault | 1 | |
| Blacksmith | 1 | |
| Town Hall | 2 | |
| Castle | 1 | |
| Workshop | 2 | |
32 total
» build order
00:11 Barracks
00:17 Farm
00:50 Barracks
02:00 Farm
02:07 Altar of Kings
02:38 Farm
03:19 Farm
03:36 Lumber Mill
03:58 Farm
04:41 Farm
04:44 Scout Tower
04:47 Scout Tower
05:14 Guard Tower
05:20 Keep
05:23 Guard Tower
05:56 Arcane Vault
06:00 Blacksmith
07:17 Town Hall
08:31 Town Hall
09:52 Scout Tower
09:54 Scout Tower
09:56 Scout Tower
10:01 Scout Tower
10:04 Scout Tower
10:40 Guard Tower
11:55 Castle
13:07 Workshop
13:15 Farm
13:46 Workshop
15:31 Farm
15:32 Farm
17:58 Farm
» items
| Potion of Healing | 1 | |
| Scroll of Regeneration | 3 | |
| Scroll of Town Portal | 3 | |
| Orb of Fire | 1 | |
8 total
772461258912512 (
purple | 88 APM | 6155 actions | 70:17)
10 Archmage
3 Summon Water Elemental
3 Brilliance Aura
1 Mass Teleport
3 Blizzard
1 Goblin Tinker
1 Engineering Upgrade
» actions
| Assign group hotkey | 171 | |
| Basic commands | 181 | |
| Build / train | 259 | |
| ESC pressed | 11 | |
| Enter build submenu | 108 | |
| Enter hero's abilities submenu | 11 | |
| Give item / drop item | 15 | |
| Remove unit from queue | 1 | |
| Right click | 2061 | |
| Select / deselect | 674 | |
| Select group hotkey | 2124 | |
| Use ability | 539 | |
6155 total
» units
| Peasant | 38 | |
| Footman | 7 | |
| Dragonhawk Rider | 16 | |
| Gryphon Rider | 12 | |
73 total
» upgrades
| Masonry | 3 | |
| Swords | 3 | |
| Animal War Training | 1 | |
| Storm Hammers | 1 | |
| Armor | 3 | |
| Lumber Harvesting | 2 | |
| Cloud | 1 | |
14 total
» buildings
| Altar of Kings | 3 | |
| Barracks | 3 | |
| Farm | 27 | |
| Lumber Mill | 1 | |
| Arcane Vault | 1 | |
| Town Hall | 6 | |
| Scout Tower | 60 | |
| Guard Tower | 57 | |
| Keep | 10 | |
| Blacksmith | 1 | |
| Castle | 6 | |
| Gryphon Aviary | 3 | |
| Arcane Tower | 26 | |
204 total
» build order
00:44 Altar of Kings
00:45 Barracks
00:50 Farm
01:05 Farm
01:39 Lumber Mill
01:43 Farm
02:36 Farm
03:04 Arcane Vault
04:12 Farm
04:59 Town Hall
05:01 Scout Tower
05:02 Scout Tower
05:03 Scout Tower
05:05 Scout Tower
05:06 Scout Tower
05:32 Guard Tower
05:32 Guard Tower
05:34 Guard Tower
05:34 Guard Tower
05:35 Guard Tower
05:35 Guard Tower
05:36 Guard Tower
05:36 Guard Tower
06:43 Keep
06:43 Keep
06:49 Guard Tower
07:57 Blacksmith
08:01 Scout Tower
08:02 Scout Tower
08:03 Scout Tower
08:34 Scout Tower
09:22 Castle
09:22 Castle
09:25 Gryphon Aviary
09:26 Gryphon Aviary
09:38 Guard Tower
11:40 Farm
12:07 Guard Tower
12:07 Guard Tower
12:07 Guard Tower
12:42 Gryphon Aviary
12:45 Farm
15:57 Farm
15:57 Farm
16:22 Farm
17:15 Scout Tower
17:18 Scout Tower
17:19 Scout Tower
17:21 Scout Tower
17:25 Scout Tower
17:29 Town Hall
17:31 Scout Tower
17:32 Scout Tower
17:32 Scout Tower
17:33 Scout Tower
17:38 Scout Tower
17:40 Scout Tower
17:57 Guard Tower
18:06 Guard Tower
19:08 Guard Tower
19:08 Guard Tower
19:19 Scout Tower
20:00 Guard Tower
20:00 Guard Tower
20:02 Scout Tower
20:05 Scout Tower
20:08 Scout Tower
20:10 Scout Tower
20:13 Scout Tower
20:40 Guard Tower
20:40 Guard Tower
20:40 Guard Tower
20:40 Guard Tower
20:41 Guard Tower
20:41 Guard Tower
20:41 Guard Tower
20:42 Arcane Tower
22:07 Scout Tower
22:09 Scout Tower
24:03 Guard Tower
24:04 Guard Tower
24:56 Guard Tower
25:15 Guard Tower
25:16 Guard Tower
28:25 Scout Tower
28:25 Scout Tower
28:28 Scout Tower
29:10 Guard Tower
29:11 Guard Tower
29:11 Guard Tower
32:05 Town Hall
32:07 Scout Tower
32:08 Scout Tower
32:09 Scout Tower
32:09 Scout Tower
32:43 Guard Tower
32:44 Guard Tower
32:45 Scout Tower
32:45 Scout Tower
32:46 Scout Tower
32:47 Scout Tower
32:48 Scout Tower
32:49 Scout Tower
33:21 Guard Tower
33:22 Guard Tower
33:22 Guard Tower
33:45 Guard Tower
33:46 Guard Tower
35:26 Scout Tower
35:28 Scout Tower
35:28 Scout Tower
35:29 Scout Tower
35:31 Scout Tower
36:17 Guard Tower
41:19 Town Hall
47:34 Scout Tower
47:40 Scout Tower
47:40 Scout Tower
47:41 Scout Tower
47:42 Scout Tower
47:44 Scout Tower
47:45 Scout Tower
47:46 Scout Tower
47:46 Scout Tower
47:47 Scout Tower
47:51 Scout Tower
47:52 Scout Tower
48:05 Arcane Tower
48:06 Arcane Tower
48:06 Arcane Tower
48:12 Scout Tower
48:13 Scout Tower
48:17 Arcane Tower
48:18 Arcane Tower
48:29 Arcane Tower
48:29 Arcane Tower
48:29 Arcane Tower
48:31 Arcane Tower
48:31 Arcane Tower
48:31 Arcane Tower
48:33 Arcane Tower
48:33 Arcane Tower
48:35 Arcane Tower
48:35 Arcane Tower
48:36 Arcane Tower
48:40 Arcane Tower
48:40 Arcane Tower
49:03 Arcane Tower
59:22 Town Hall
60:12 Town Hall
62:04 Farm
62:08 Farm
62:16 Farm
62:44 Farm
62:50 Farm
62:53 Farm
63:02 Farm
63:05 Farm
63:19 Keep
63:19 Keep
63:20 Keep
63:21 Keep
63:21 Keep
63:46 Barracks
63:48 Barracks
63:59 Altar of Kings
64:12 Farm
64:20 Farm
64:55 Altar of Kings
65:00 Farm
65:10 Farm
65:53 Castle
65:54 Castle
66:00 Farm
66:03 Farm
66:11 Farm
66:50 Farm
66:53 Farm
» items
| Scroll of Regeneration | 12 | |
| Mechanical Critter | 8 | |
| Ivory Tower | 4 | |
| Periapt of Vitality | 2 | |
| Staff of Teleportation | 2 | |
| Dust of Appearance | 1 | |
| Scroll of Town Portal | 5 | |
| Potion of Healing | 1 | |
| Lesser Clarity Potion | 1 | |
| Staff of Sanctuary | 1 | |
| Boots of Speed | 1 | |
| Scroll of Healing | 1 | |
| Scroll of Protection | 1 | |
40 total
Fukkitt (
teal | 25 APM | 1739 actions | 70:18)
9 Mountain King
2 Thunder Clap
3 Bash
3 Storm Bolt
1 Avatar
» actions
| Assign group hotkey | 12 | |
| Basic commands | 237 | |
| Build / train | 74 | |
| Enter build submenu | 28 | |
| Enter hero's abilities submenu | 9 | |
| Remove unit from queue | 9 | |
| Right click | 208 | |
| Select / deselect | 410 | |
| Select group hotkey | 641 | |
| Use ability | 109 | |
1739 total
» units
| Peasant | 14 | |
| Gryphon Rider | 3 | |
| Priest | 2 | |
| Dragonhawk Rider | 9 | |
28 total
» upgrades
| Masonry | 3 | |
| Lumber Harvesting | 1 | |
| Priest Training | 2 | |
| Storm Hammers | 1 | |
| Swords | 3 | |
| Armor | 3 | |
| Cloud | 1 | |
| Magic Sentry | 1 | |
15 total
» buildings
| Arcane Vault | 1 | |
| Farm | 12 | |
| Altar of Kings | 1 | |
| Keep | 1 | |
| Lumber Mill | 1 | |
| Blacksmith | 1 | |
| Scout Tower | 8 | |
| Castle | 1 | |
| Guard Tower | 5 | |
| Gryphon Aviary | 2 | |
| Arcane Sanctum | 1 | |
34 total
» build order
01:16 Arcane Vault
01:20 Farm
02:02 Altar of Kings
02:14 Keep
02:24 Farm
03:07 Farm
03:14 Farm
03:21 Lumber Mill
03:27 Blacksmith
03:52 Farm
03:55 Farm
04:39 Scout Tower
04:41 Scout Tower
04:50 Farm
04:59 Castle
05:13 Guard Tower
05:39 Gryphon Aviary
06:29 Arcane Sanctum
07:02 Gryphon Aviary
13:16 Scout Tower
13:18 Scout Tower
13:23 Scout Tower
13:31 Farm
13:41 Farm
13:56 Guard Tower
16:35 Farm
16:37 Farm
16:40 Farm
23:10 Scout Tower
23:41 Scout Tower
23:43 Guard Tower
24:14 Guard Tower
24:20 Scout Tower
24:52 Guard Tower
» items
| Orb of Fire | 1 | |
| Scroll of Town Portal | 2 | |
| Staff of Teleportation | 1 | |
| Lesser Clarity Potion | 1 | |
5 total
Chat log
(03:02 / All) CAn-: gg
(03:06 / All) dominicdeasey: ?
(03:42 / All) CAn-: stop it teal
(03:44 / All) CAn-: sapre me
(03:50 / All) dominicdeasey: tk?
(04:05 / All) CAn-: ok im a gonner
(04:08 / All) CAn-: go my peon
(04:15 / All) 772461258912512: gg
(04:19 / All) dominicdeasey: teamkill?
(04:20 / All) CAn-: gg
(04:23 / All) 772461258912512: yeah
(04:32 / All) CAn-: teal a noob tart
(06:04 / All) CAn-: teal you noob
(06:08 / All) CAn-: cant even kill red
(06:09 / Allies) dontkillme_BRO: stfu
(06:39 / All) 772461258912512: noob teal can't even tk
(06:46 / All) CAn-: lol
(06:51 / All) CAn-: do it right
(08:20 / Allies) dominicdeasey: wha was big drop from center?
(08:22 / All) CAn-: lol
(09:18 / All) Lovemancer: lol
(09:24 / All) Lovemancer: blue and red aren't the brightest
(12:37 / Allies) dominicdeasey: who wants blink dagger
(13:32 / Allies) dominicdeasey: cmon someone wnats it
(13:34 / Allies) dominicdeasey: great item
(13:42 / Allies) dontkillme_BRO: sell it
(13:46 / Allies) dominicdeasey: lol
(13:53 / Allies) dominicdeasey: its so good though
(15:32 / Allies) Lovemancer: lumber?
(17:14 / Allies) dominicdeasey: use dagger orange
(17:37 / Allies) Lovemancer: lumber for bats
(17:55 / Allies) Lovemancer: danke
(21:02 / Allies) dominicdeasey: good AA greem
(22:18 / Allies) dominicdeasey: guys
(22:23 / Allies) dominicdeasey: we should prbly fight together
(23:03 / Allies) dominicdeasey: wait yelow
(23:04 / Allies) dominicdeasey: get roar on bats
(23:06 / Allies) dominicdeasey: come back\
(26:36 / Allies) Lovemancer: lumbers?
(26:47 / Allies) dominicdeasey: orange i wanna get out
(27:06 / Allies) Lovemancer: out the whole
(27:09 / Allies) Lovemancer: in the trees
(27:11 / Allies) Lovemancer: pink
(27:16 / Allies) Lovemancer: there's a hole in the trees
(27:20 / Allies) dominicdeasey: i se
(27:24 / All) 772461258912512: Teal has 3 tps on his mk
(27:29 / All) 772461258912512: and has been calling me bad
(27:40 / All) 772461258912512: he criticising me for having a lot of gold but he has 1.5k wood
(27:45 / All) 772461258912512: and won't share with my entire lumber starved team
(27:48 / All) 772461258912512: I give gold to anyone who asks
(28:16 / Allies) dominicdeasey: lol i cant make a wisp without MW and i have too many living units
(30:47 / Allies) dontkillme_BRO: ty
(30:59 / Allies) Lovemancer: lots of dhawks lol
(32:55 / Allies) dominicdeasey: get roar
(33:45 / All) CAn-: damn purp is good
(34:02 / All) 772461258912512: I have 6k to rebuild
(34:05 / All) 772461258912512: and that's why you "hoard" gold
(34:16 / All) 772461258912512: Good trade for me
(35:06 / Allies) dontkillme_BRO: wtf yellow over 20k????????????????????
(35:49 / All) Lovemancer: nice blink lol
(35:53 / All) CAn-: ok??
(36:01 / Allies) dominicdeasey: amazing base design
(36:17 / Allies) dominicdeasey: yellow
(36:17 / Allies) dominicdeasey: give me gold
(36:21 / Allies) Lovemancer: hang on
(36:25 / Allies) dominicdeasey: ??
(36:27 / Allies) dominicdeasey: why
(36:34 / Allies) Lovemancer: macroing
(36:45 / Allies) dominicdeasey: wht that?
(36:46 / All) 772461258912512: all those trees
(36:48 / All) 772461258912512: waht is this, lotr
(37:17 / Allies) dominicdeasey: wiat yellow explain: why can't you give me gold?
(37:32 / Allies) Lovemancer: macroing constructure right now
(37:37 / Allies) dominicdeasey: what does that mean?
(38:12 / Allies) dominicdeasey: what does that mean?
(38:29 / All) Lovemancer: someone plkease explain the concept of macro
(38:35 / Allies) dominicdeasey: yes
(38:43 / All) 772461258912512: it's a bot program
(38:47 / All) 772461258912512: it automatically does things for you
(38:48 / Allies) dominicdeasey: how does it work?
(38:51 / All) 772461258912512: is your team telling you to cheat?
(38:53 / Allies) dominicdeasey: so he is not actually playing?
(38:58 / All) dominicdeasey: no there's no cheating
(38:59 / Allies) Lovemancer: No
(39:04 / All) Lovemancer: It's hte opposite of micro
(39:08 / All) dominicdeasey: but yelow is macroing and i'm not familiar
(39:15 / All) dominicdeasey: what is it?
(39:21 / All) 772461258912512: so it's noob micro?
(39:25 / All) 772461258912512: opposite of micro is no micro
(39:36 / All) CAn-: just hold onto {ATL} and press qqq the same time you win auto
(40:01 / All) Lovemancer: So the opposite of anything is the negation of it?
(40:07 / All) Lovemancer: Interesting
(40:21 / Allies) Lovemancer: bad place to tp
(40:29 / All) 772461258912512: I would report your team if they are telling you to use macro programs
(40:54 / All) dontkillme_BRO: fucking yellow with over 21k
(41:00 / All) CAn-: lol
(41:03 / All) dontkillme_BRO: thx yellow for the win
(41:16 / Allies) dominicdeasey: yellow are you actually there?
(41:25 / All) CAn-: hey 21k he deserves it
(41:45 / All) CAn-: lol
(41:53 / All) 772461258912512: DEATH TO LUMBER HOARDERS!
(42:11 / Allies) dominicdeasey: yellow are you here?
(42:12 / All) CAn-: gg'
(42:13 / Allies) dominicdeasey: are you doing anything?
(42:26 / All) CAn-: here comes the real tk that was suppose to happen eariler
(42:44 / All) CAn-: teal you do suck
(43:00 / All) CAn-: no point in trying
(43:01 / All) 772461258912512: Even the enemy team agrees you suck
(43:11 / All) dominicdeasey: ok so basically yellow is not actually playing?
(43:16 / All) dominicdeasey: a program is playing for him?
(43:21 / All) 772461258912512: We had teal
(43:23 / All) Lovemancer: *disgusted sigh*
(43:26 / All) dominicdeasey: or is he just controlling hs hero?
(43:28 / All) CAn-: lol
(44:08 / All) CAn-: lol
(44:14 / All) CAn-: dont be mad teal
(44:26 / All) CAn-: you would have never won this game
(44:41 / All) CAn-: i reallie as going to tk you at the begining
(44:42 / All) CAn-: lol
(44:46 / All) 772461258912512: Teal complained all game
(44:53 / All) CAn-: yea and teal your one of them
(44:55 / All) 772461258912512: about my hoarding of gold
(45:01 / All) 772461258912512: and all he did was hoard wood
(45:02 / All) 772461258912512: ALL GAME
(45:07 / All) 772461258912512: when my allies wanted it
(46:25 / All) Lovemancer: goddamn
(46:34 / All) CAn-: soo many damn tps
(46:37 / All) fatguyslim: lol leave me alone
(46:39 / All) CAn-: im going crzy here
(46:54 / Allies) dominicdeasey: orange
(46:56 / Allies) dominicdeasey: whats up
(47:00 / All) CAn-: lol red
(47:11 / All) CAn-: was a good run
(47:13 / All) fatguyslim: damn it
(47:39 / All) fatguyslim: the pally runs so effing slow
(47:46 / All) CAn-: true
(47:47 / All) CAn-: lol
(48:17 / All) CAn-: towers soo many towers
(49:09 / All) CAn-: gg guys
(49:22 / All) CAn-: was a funnie game
(49:41 / All) CAn-: lol
(50:06 / Allies) dominicdeasey: orange wanna do something?
(50:21 / Allies) j789nh: waiting till i mass tanks
(50:35 / Allies) dominicdeasey: can you just really briefly explain to me
(50:42 / All) CAn-: let it be known
(50:42 / Allies) dominicdeasey: how macroing works
(51:26 / All) fatguyslim: come on yellow
(51:36 / All) CAn-: yellow let him live lol
(51:39 / All) Lovemancer: No dice
(51:41 / All) fatguyslim: thats effed
(53:15 / All) Lovemancer: Come on tomato can
(53:24 / All) CAn-: lol
(53:29 / All) CAn-: shall i lagg again
(53:36 / All) CAn-: ill wait a bit
(53:42 / All) CAn-: this is funn
(57:12 / All) CAn-: teal is an idiot
(57:16 / All) CAn-: olol
(57:17 / All) 772461258912512: Agreed, blue
(57:23 / All) CAn-: takes this game too serious
(57:34 / All) 772461258912512: He's 44-55 for a reason
(57:42 / All) CAn-: im having fun weather i loose or win lol
(57:46 / All) CAn-: lol
(57:48 / All) 772461258912512: that's the way to play
(57:55 / All) 772461258912512: teal plays like an idiot
(58:00 / All) CAn-: though i like cri babies
(59:14 / All) fatguyslim: im out i have to be up early for work, gg yall. teal you really need to get laid or something. you bitch entirely too much
(59:24 / All) CAn-: lol
(59:26 / All) 772461258912512: My whole team agrees teal is a dolt
(59:28 / All) CAn-: gg red
(59:31 / All) 772461258912512: I like blue and red
(59:42 / All) 772461258912512: LMAO
(59:45 / All) 772461258912512: did you see how fast that mk
(59:47 / All) 772461258912512: lost all its mana
(59:59 / All) 772461258912512: LOL nice mana
(60:09 / 5) Fukkitt: upper left hes expoin
(60:25 / 5) Fukkitt: lower right too'
(60:44 / 5) Fukkitt: hes out of gold if u kill that he ahs what he ahs
(60:47 / All) CAn-: ok purp catch you around gg
(60:51 / All) CAn-: gg ya;;
(62:53 / 5) Fukkitt: hidin stuff lo right
(63:16 / 5) Fukkitt: and uooer right
(63:20 / 5) Fukkitt: upper
(63:33 / 5) Fukkitt: upper left
(63:59 / All) Fukkitt: hide purp hide bro
(64:02 / All) Fukkitt: hahahahahahahaha
(64:28 / All) Fukkitt: aww purp now stop cryin lil girl
(64:33 / All) 772461258912512: lol
(64:39 / All) 772461258912512: You are pathetic
(64:42 / All) 772461258912512: my whole team agreed
(64:54 / All) Fukkitt: not as pathetic as u
(65:07 / All) Fukkitt: lvl1s who cares what ya think and red suks
(65:16 / All) 772461258912512: I'll 1v1 you bitch
(65:31 / All) Fukkitt: had him earklier everybody was in 80s food and he was 40s like a fukin spoecial need bitch
(66:11 / All) Fukkitt: fukinj guy managed 4 tauren and 2 shams and hero while we were maxed
(66:24 / All) 772461258912512: I don't think that was either of us
(66:32 / All) Fukkitt: lo right
(66:34 / All) Lovemancer: this got real close real fast lol!
(66:37 / All) 772461258912512: doesn't ring a bell
(66:56 / All) 772461258912512: lol
(66:58 / All) Lovemancer: welp now you get a loss teal LOL
(66:59 / All) 772461258912512: bad luck for you teal
(67:01 / All) 772461258912512: his whole team left!
(67:02 / All) 772461258912512: LOL
(67:03 / All) Fukkitt: upper right
(67:10 / All) Lovemancer: I thought you could see him making that shit
(67:27 / All) 772461258912512: You lose teal LOL
(67:28 / All) Lovemancer: and figured you had lots and lots of towers
(67:34 / All) Fukkitt: there we go purp sees it is a loss hes suicidin now
(67:42 / All) 772461258912512: lawl teal is retarded
(67:43 / All) Lovemancer: you're not the brightest are you teal
(68:01 / All) Fukkitt: nah justb plus 140 iq
(68:03 / All) Fukkitt: and u
(68:07 / All) 772461258912512: LMAO
(68:16 / All) Lovemancer: lol
(68:16 / All) 772461258912512: who told you that you have an iq of 140
(68:18 / All) Lovemancer: I believe you
(68:18 / All) 772461258912512: your mom?
(68:24 / All) Lovemancer: that old tickle.com test
(68:25 / All) Fukkitt: i expected loss purp would have 6k goild
(68:25 / All) Lovemancer: it's legit
(68:32 / All) Lovemancer: I have 43k gold
(68:50 / All) Lovemancer: is that why you expect loss?
(69:16 / All) Fukkitt: buddy huh
(69:17 / All) 772461258912512: even with an iq of 140 he still can't figure out we were in this togetehr from the start
(69:19 / All) Fukkitt: hahahahah sad
(69:35 / All) Fukkitt: wake me when its over
(69:40 / All) Fukkitt: hahahaha sad lil girls
(69:47 / All) 772461258912512: Any final words? lol
(69:47 / All) Fukkitt: nothin better to do huh
(69:55 / All) Lovemancer: talking to yourself?
(69:56 / All) 772461258912512: At least we're playing the game
(70:01 / All) 772461258912512: you just get to sit and watch us play
(70:09 / All) Fukkitt: nah im afk now
(70:16 / All) Fukkitt: wake me when its over